 Dungeon Crawl Stone Soup version 0.30-a0-465-g8901f6c8b5 (webtiles) character file.

Game seed: 675006516193158083

1062 tilp the Slasher (level 8, -3/59 (67) HPs)
             Began as a Meteoran Fighter on Dec 17, 2022.
             Was a Follower of Nemelex Xobeh.
             Slain by a wight
             ... wielding a +4 spear of freezing
              (13 damage)
             ... on level 6 of the Dungeon.
             The game lasted 00:08:55 (1426 turns).

tilp the Slasher (Meteoran Fighter)                 Turns: 1426, Time: 00:08:56

HP:   -3/59 (67)    AC:  9    Str: 17    XL:     8   Next: 82%
MP:   11/11         EV:  9    Int:  9    God:    Nemelex Xobeh [*.....]
Gold: 197           SH:  5    Dex: 17    Spells: 7/7 levels left

rFire   . . .      SeeInvis .    a - +1 long sword
rCold   . . .      Faith    .    c - +0 buckler
rNeg    . . .      Spirit   .    e - +0 chain mail
rPois   .          Reflect  .    (no helmet)
rElec   .          Harm     .    (no cloak)
rCorr   .          Rampage  .    (no gloves)
Will    +....                    (no boots)
Stlth   ..........               (no amulet)
HPRegen 0.29/turn                (no ring)
MPRegen 0.12/turn                (no ring)

@: glowing, heavily drained
A: sense surroundings 1, otherworldly, glowing, explore regen
a: Renounce Religion, Draw Escape, Draw Destruction, Draw Summoning


You were on level 6 of the Dungeon.
You worshipped Nemelex Xobeh.
Nemelex Xobeh was aware of your devotion.
You visited 1 branch of the dungeon, and saw 6 of its levels.
You also visited: Ossuary.

You collected 197 gold pieces.

Inventory:

Hand Weapons
 a - a +1 long sword (weapon)
Missiles
 i - 2 javelins (quivered)
Armour
 c - a +0 buckler (worn)
 e - a +0 chain mail (worn)
Jewellery
 f - a ring of wizardry
Wands
 d - a wand of mindburst (13)
Scrolls
 h - a scroll of fog
 p - a scroll of magic mapping
 q - a scroll of blinking
 r - a scroll of fear
Potions
 b - a potion of degeneration {unknown}
 g - a potion of haste {unknown}
 l - a potion of resistance {unknown}
 m - 2 potions of magic
 o - 2 potions of attraction


   Skills:
 + Level 4.8 Fighting
 * Level 5.9 Long Blades
 - Level 4.0 Armour
 * Level 5.9 Dodging
 + Level 2.8 Stealth
 - Level 4.0 Shields
 + Level 3.0 Invocations
 + Level 2.7 Evocations


You had 7 spell levels left.
You didn't know any spells.
Your spell library contained the following spells:

 Spells                   Type           Power      Damage    Failure   Level
 Beastly Appendage        Tmut           0%         N/A       100%        1
 Wereblood                Tmut           0%         N/A       100%        2
 Dazzling Flash           Conj/Hex       0%         N/A       100%        3
 Frozen Ramparts          Ice            0%         1d1       100%        3
 Kindle Blastsparks       Fire/Tloc/Air  0%         2d10      100%        3
 Spider Form              Tmut/Pois      0%         N/A       100%        3
 Fulminant Prism          Conj/Hex       0%         3d5       100%        4
 Ice Form                 Ice/Tmut       0%         N/A       100%        4
 Iskenderun's Mystic Bla  Conj/Tloc      0%         2d3       100%        4
 Summon Ice Beast         Ice/Summ       0%         N/A       100%        4
 Lee's Rapid Deconstruct  Erth           0%         3d4*      100%        5
 Starburst                Conj/Fire      0%         6d3       100%        6


Dungeon Overview and Level Annotations

Branches:
Dungeon (6/15) Zot: 2415  Ossuary (visited)
 Temple: D:4-7

Altars:
Gozag
Nemelex Xobeh
Qazlal

Annotations:
D:4 1 runed translucent door


Innate Abilities, Weirdness & Mutations

You passively map a small area around you.
You are easily found by Zot.
You glow in the dark.
You regain HP and MP as you explore.


Message History

The wight hits you but does no damage.
You slash the wight!
You destroy the wight!
Your life force feels restored.
Your Invocations skill increases to level 3!
You hit the wight.
The wight is lightly damaged.
The wight hits you with a +4 mace!
You feel drained.
The wight hits you from afar with a +4 spear of freezing!
You feel drained. The wight freezes you.
You slash the wight!
The wight is heavily damaged.
The wight hits you with a +4 mace.
* * * LOW HITPOINT WARNING * * *
You feel drained.
* * * LOW HITPOINT WARNING * * *
The wight completely misses you.
A wight comes into view. It is wielding a +1 battleaxe.
You feel better. The wight hits you with a +4 mace!
* * * LOW HITPOINT WARNING * * *
The wight hits you from afar with a +4 spear of freezing.
* * * LOW HITPOINT WARNING * * *
The wight freezes you.
* * * LOW HITPOINT WARNING * * *
Unknown command.
You feel better. The wight hits you with a +4 mace!
* * * LOW HITPOINT WARNING * * *
You block the wight's attack.
Unknown command.
You hit the wight.
The wight is almost destroyed.
The wight hits you with a +4 mace!
* * * LOW HITPOINT WARNING * * *
You feel drained. You block the wight's attack.
You barely miss the wight.
The wight is almost destroyed.
The wight barely misses you. You block the wight's attack.
The wight hits you from afar with a +4 spear of freezing!
You die...
Your body disappears without additional glow. #.. .#.#, , , z ##....#.# #+ .# #.#.#.#.# #.# *,.# * , ##.....#.# #.# zz#

* #.#.#.#..#####.#
###..###. #.....#.......#
#........ ,
#.#.#.........# #.#......,
###...#..88.8..###z.......
#....###)......@zzz.......
, ##..###
#.......###.##..##. ....#
#...8....##.#*..# P...#
*#.......###.# .# ....#
#..........##.#* . ...##
#..........+..# .., * 8..#
#..........##.# ,
##.######.#.......... * *
#.............#### ,,


You could see 4 wights.

Vanquished Creatures
  Sigmund (D:6)
  A steam dragon (D:6)
  An ogre (D:5)
  3 elf zombies
  A scorpion (D:5)
  An elf skeleton (D:4)
  A wight (D:6)
  2 hounds
  2 human skeletons (D:4)
  2 orc wizards (D:5)
  A killer bee zombie (D:6)
  2 hound zombies (Ossuary)
  4 mummies (Ossuary)
  4 adders
  2 dart slugs (D:2)
  4 orcs
  An endoplasm (D:2)
  A gnoll zombie (Ossuary)
  2 goblins (D:4)
  2 hobgoblins
  3 kobolds
  3 quokkas
  2 goblin zombies (Ossuary)
  A hobgoblin zombie (Ossuary)
  2 kobold zombies (Ossuary)
  An orc skeleton (D:4)
  2 orc zombies
  A rat (D:1)
  A rat zombie (Ossuary)
54 creatures vanquished.

Vanquished Creatures (others)
  A withered plant (D:6)
1 creature vanquished.

Grand Total: 55 creatures vanquished

Notes
Turn   | Place    | Note
-------+----------+-------------------------------------------
     0 | D:1      | tilp the Meteoran Fighter began the quest for the Orb.
     0 | D:1      | Reached XP level 1. HP: 19/19 MP: 2/2
    50 | D:2      | Reached XP level 2. HP: 14/26 MP: 3/3
   127 | D:2      | Reached skill level 1 in Dodging
   202 | D:3      | Reached XP level 3. HP: 4/31 MP: 4/4
   206 | D:3      | HP: 1/31 [poisoned by an adder]
   229 | D:3      | Found a sparkling altar of Nemelex Xobeh.
   236 | D:3      | Became a worshipper of Nemelex Xobeh the Trickster
   368 | D:4      | Reached XP level 4. HP: 37/40 MP: 5/5
   493 | D:4      | Reached skill level 1 in Stealth
   493 | D:4      | Reached XP level 5. HP: 33/46 MP: 6/6
   503 | D:4      | Found a sand-covered staircase.
   537 | D:4      | Reached XP level 6. HP: 37/52 MP: 7/7
   577 | Ossuary  | Entered an ossuary
   625 | Ossuary  | Reached XP level 7. HP: 44/59 MP: 8/8
   714 | Ossuary  | Reached skill level 1 in Invocations
   714 | Ossuary  | Reached skill level 1 in Evocations
   959 | D:4      | Found a runed translucent door.
   967 | D:5      | Entered Level 5 of the Dungeon
  1027 | D:5      | Reached skill level 5 in Long Blades
  1027 | D:5      | Reached skill level 5 in Dodging
  1027 | D:5      | Reached XP level 8. HP: 47/67 MP: 10/10
  1037 | D:6      | Reached * piety under Nemelex Xobeh
  1037 | D:6      | Noticed a steam dragon
  1048 | D:6      | Killed a steam dragon
  1050 | D:6      | Noticed Sigmund
  1122 | D:5      | Found a stormy altar of Qazlal.
  1123 | D:5      | Received a gift from Nemelex Xobeh
  1236 | D:5      | Found an opulent altar of Gozag.
  1341 | D:6      | Killed Sigmund
  1426 | D:6      | Slain by a wight

Illustrated notes

Levels and vault maps discovered:
D:1:      shiori_arrival_oz, layout_loops_ring
D:2:      minmay_chambers_of_twos, layout_basic
D:3:      layout_loops_ring, marbit_many_paths
D:4:      layout_loops_ring, minmay_temple_entry_mist, ebering_ghost_sewer_f,
          nicolae_ossuary_entry_catacombs, kennysheep_donut, saegor_snake_ambush
D:5:      layout_basic, nicolae_gozag_seed_capital,
          nicolae_qazlal_general_emergency, corexii_item_surrounded_by_moat,
          serial_bayou_crossing
D:6:      layout_basic, serial_undead, serial_undead_c, serial_undead_c,
          serial_undead_e, serial_undead_e, chequers_mini_garden, hex_tiny,
          uniq_edmund, uniq_sigmund

Skill      XL: |  1  2  3  4  5  6  7  8 |
---------------+-------------------------+-----
Dodging        | 1 2 3 4 5 |  5.9
Long Blades    | 3 4 5 |  5.9
Armour         | 4 |  4.0
Shields        | 4 |  4.0
Stealth        | 1 2 |  2.8
Fighting       | 4 |  4.8
Invocations    | 1 3 |  3.0
Evocations     | 1 2 |  2.7

Action                   |  1- 3 |  4- 6 |  7- 9 || total
-------------------------+-------+-------+-------++-------
Melee: Long sword        |    54 |    96 |   179 ||   329
  Use: Potion            |     2 |       |     2 ||     4
       Scroll            |       |       |     8 ||     8
Armor: Scale mail        |     3 |       |       ||     3
       Chain mail        |    24 |    57 |    98 ||   179
Dodge: Dodged            |    15 |    31 |    61 ||   107
Block: Buckler           |    12 |    26 |    67 ||   105

Table legend: (Time is in decaauts)
 A = Elapsed time spent in this place.
 B = Non-inter-level travel time spent in this place.
 C = Inter-level travel time spent in this place.
 D = Time resting spent in this place.
 E = Time spent auto-exploring this place.
 F = Levels seen in this place.
 G = Mean time per level.
                   A        B        C        D        E       F      G
               +--------+--------+--------+--------+--------+-----+--------+
         Total |   1503 |   1370 |    133 |      4 |      0 |   7 |  214.7 |
       Dungeon |   1183 |   1050 |    133 |      4 |      0 |   6 |  197.2 |
       Ossuary |    319 |    319 |      0 |      0 |      0 |   1 |  319.0 |
               +--------+--------+--------+--------+--------+-----+--------+

Top non-repeatable levels by time:
     D:4: 445 daAuts
     D:5: 330 daAuts
 Ossuary: 319 daAuts
     D:6: 137 daAuts
     D:2: 129 daAuts
     D:3: 109 daAuts
     D:1: 30 daAuts
